 Dungeon Crawl Stone Soup version 0.25-a0-591-g2ad0d861f1 (webtiles) character file.

Game seed: 5322844775228843276, levelgen mode: deterministic

57976 kae the Martial Artist (level 14, -10/113 HPs)
             Began as a Demonspawn Monk on Mar 13, 2020.
             Was the Champion of Makhleb.
             Mangled by a tyrant leech (27 damage)
             ... on level 6 of the Lair of Beasts.
             The game lasted 00:27:04 (24520 turns).

kae the Martial Artist (Demonspawn Monk)           Turns: 24520, Time: 00:27:05

Health: -10/113    AC: 11    Str: 20    XL:     14   Next: 47%
Magic:  23/23      EV: 20    Int: 12    God:    Makhleb [******]
Gold:   1172       SH:  0    Dex: 17    Spells: 13/13 levels left

rFire    . . .     SeeInvis .     - Unarmed
rCold    . . .     Gourm    .   (no shield)
rNeg     . . .     Faith    .   A - +2 leather armour {rPois}
rPois    +         Spirit   .   (no helmet)
rElec    .         Reflect  .   R - scarf {cloud immunity}
rCorr    .         Harm     .   w - +2 pair of gloves
MR       +....                  (no boots)
Stlth    ++........             (no amulet)
HPRegen  0.28/turn              B - +2 ring of strength
MPRegen  0.18/turn              E - +3 ring of strength

@: no status effects
A: talons 2, thin metallic scales 1, foul stench 1, rot immunity
a: Minor Destruction, Lesser Servant of Makhleb, Major Destruction, Greater
Servant of Makhleb, Renounce Religion


You were on level 6 of the Lair of Beasts.
You worshipped Makhleb.
Makhleb was exalted by your worship.
You were not hungry.

You visited 2 branches of the dungeon, and saw 18 of its levels.
You also visited: Ossuary.

You collected 1172 gold pieces.

Inventory:

Armour
 d - a +2 robe of the Archmagi
 w - a +2 pair of gloves (worn)
 A - a +2 leather armour of poison resistance (worn)
 R - a scarf of cloud immunity (worn)
Jewellery
 c - an uncursed amulet of guardian spirit {unknown}
 h - an uncursed ring of flight
 i - an uncursed amulet of harm
 q - an uncursed ring of resist corrosion
 r - a +2 ring of evasion
 x - an uncursed ring of ice
 y - an uncursed ring of wizardry
 B - a +2 ring of strength (left hand)
 C - an uncursed ring of poison resistance
 E - a +3 ring of strength (right hand)
 I - an uncursed ring of ice
Wands
 f - a wand of flame (14)
 k - a wand of disintegration (17)
 s - a wand of paralysis (11)
 F - a wand of clouds (4)
 H - a wand of iceblast (5)
 K - a wand of polymorph (11)
 O - a wand of random effects (23)
Scrolls
 a - 6 scrolls of remove curse
 g - 3 scrolls of teleportation
 m - 5 scrolls of amnesia
 o - 7 scrolls of enchant weapon
 M - 3 scrolls of magic mapping
 N - 5 scrolls of identify
 S - a scroll of blinking
Potions
 e - 12 potions of curing
 j - 3 potions of brilliance
 l - 4 potions of lignification
 n - a potion of mutation
 p - 3 potions of ambrosia
 t - 4 potions of haste
 u - 2 potions of berserk rage
 v - 3 potions of might
 D - 2 potions of stabbing
 G - a potion of cancellation
 J - 2 potions of magic
 L - 3 potions of flight
Comestibles
 b - 38 rations


   Skills:
 - Level 11.0 Fighting
 + Level 10.8 Armour
 + Level 11.1 Dodging
 - Level 1.7 Stealth
 - Level 13.0 Unarmed Combat
 - Level 12.1 Invocations


You had 13 spell levels left.
You didn't know any spells.
Your spell library contained the following spells:

 Spells                   Type           Power        Failure   Level  Hunger
 Animate Skeleton         Necr           N/A          36%         1    ##.....
 Apportation              Tloc           #.....       36%         1    ##.....
 Corona                   Hex            #......      36%         1    ##.....
 Sting                    Tmut/Pois      #...         36%         1    ##.....
 Summon Small Mammal      Summ           #...         36%         1    ##.....
 Ensorcelled Hibernation  Hex/Ice        #.....       50%         2    ###....
 Poisonous Vapours        Pois/Air       #.....       50%         2    ###....
 Confusing Touch          Hex            #.......     73%         3    ####...
 Dazzling Flash           Conj/Hex       #.....       73%         3    ####...
 Ignite Poison            Fire/Tmut/Pois #.......     73%         3    ####...
 Mephitic Cloud           Conj/Pois/Air  #.......     73%         3    ####...
 Tukima's Dance           Hex            #.......     73%         3    ####...
 Cause Fear               Hex            #.........   98%         4    #####..
 Olgreb's Toxic Radiance  Pois           #.......     98%         4    #####..
 Silence                  Hex/Air        #.........   100%        5    ######.
 Yara's Violent Unravell  Hex/Tmut       #.........   100%        5    ######.
 Deflect Missiles         Chrm/Air       #.........   100%        6    #######
 Discord                  Hex            #.........   100%        8    #######


Dungeon Overview and Level Annotations

Branches:
Dungeon (12/15)            Temple (0/1) D:7            Lair (6/6) D:10
  Swamp (0/4) Lair:4        Snake (0/4) Lair:3        Slime (0/5) Lair:5
    Orc (0/2) D:12        Ossuary (visited)

Altars:
Ashenzari
Dithmenos
Elyvilon
Makhleb
Okawaru
Qazlal
Sif Muna
Trog
Vehumet
Xom
Yredelemnul

Shops:
D:6 %

Annotations:
D:2 1 runed translucent door, Crazy Yiuf
D:4 exclusion: iguana, Menkaure
Lair:2 Urug
Lair:5 exclusion: 2 oklob plants


Innate Abilities, Weirdness & Mutations

You have razor-sharp toenails.
You are partially covered in thin metallic scales. (AC +2)
You may emit foul miasma when damaged in melee.
You are immune to rotting.


Message History

You closely miss the tyrant leech. You claw the tyrant leech.
The tyrant leech is lightly wounded.
You miss the tyrant leech.
The tyrant leech is lightly wounded.
The tyrant leech barely misses you.
You miss the tyrant leech. You punch the tyrant leech.
The tyrant leech is moderately wounded.
The tyrant leech misses you.
You hit the tyrant leech but do no damage.
Your kick misses the tyrant leech.
The tyrant leech is moderately wounded.
You punch the tyrant leech! You claw the tyrant leech.
The tyrant leech is heavily wounded.
The tyrant leech barely misses you.
You barely miss the tyrant leech.
The tyrant leech is heavily wounded.
You punch the tyrant leech! Your kick misses the tyrant leech.
The tyrant leech is severely wounded.
The tyrant leech bites you!!
You die...

***,** #.P###*####.*####.#.##.###
,,,,,*##..#P.##.#.###.###......##
,,,,,............................
,,,,,............................
,,,,,...........[.........<......
,,,,,............................
,,,,,............................
,,,,,..........w†..%.............
,,,,,.P.P.....†#@.......###......
,,,≈,.≈P.P...############ #......
*≈,,≈.≈≈≈≈......#***** #......
*,≈,≈≈≈≈≈P≈≈†P≈.#,,,,****##......
*,,≈≈P≈≈≈≈≈≈≈≈≈P#≈,,,,,,*#......†
*≈≈≈≈≈≈≈≈≈≈≈≈≈≈##≈≈,,,,*##.......
,,≈≈≈≈≈≈≈≈≈P≈≈##,≈≈,≈≈,##........
,≈≈≈≈≈≈≈≈≈≈≈≈≈P*≈≈≈≈≈,,..........
,≈≈≈≈≈≈≈≈≈≈≈≈≈##≈≈≈≈,,≈...P......


You could see a tyrant leech.

Vanquished Creatures
  Harold (D:7)
  4 hydras
  Fannar (D:10)
  5 two-headed ogres
  7 death yaks
  Pikel (D:7)
  2 ugly things
  Maurice (D:9)
  2 black mambas
  9 elephants
  Joseph (D:7)
  A guardian serpent (D:11)
  2 gargoyles
  Maggie (D:7)
  19 spiny frogs
  10 komodo dragons
  A rime drake (Lair:2)
  3 trolls
  A tyrant leech (Lair:6)
  5 polar bears
  16 hippogriffs
  8 blink frogs (Lair:6)
  2 spriggans
  2 shadows
  68 yaks
  A vampire (D:12)
  3 basilisks (Lair:5)
  A hungry ghost (D:7)
  5 vampire mosquitoes (Lair:6)
  2 wyverns
  5 nagas (Lair:3)
  8 water moccasins
  2 acid dragons
  2 soldier ants
  11 porcupines
  5 orc warriors
  3 ice beasts
  2 eyes of draining
  3 black bears
  5 sky beasts
  4 phantoms
  9 ogres
  10 wolves
  9 centaurs
  16 crocodiles
  2 big kobolds
  2 wyvern zombies
  18 bullfrogs
  2 scorpions
  6 killer bees (D:11)
  3 howler monkeys
  5 electric eels
  6 crimson imps
  17 jellies
  2 bullfrog zombies
  2 centaur zombies
  2 orc priests
  4 bullfrog skeletons
  6 centaur skeletons
  6 hounds
  6 orc wizards
  Jessica (D:2)
  9 iguanas
  8 worker ants
  3 hound skeletons
  4 mummies (Ossuary)
  A worker ant zombie (D:11)
  A howler monkey skeleton (D:11)
  20 adders
  3 gnolls (D:8)
  5 shadow imps
  An ooze (Lair:5)
  An adder skeleton (D:9)
  A worm (D:2)
  3 dart slugs
  6 leopard geckos
  40 orcs
  4 bats
  3 giant cockroaches
  5 gnoll zombies (Ossuary)
  8 goblins
  12 hobgoblins
  6 jackals
  5 quokkas
  4 ball pythons
  3 frilled lizards
  7 gnoll skeletons (Ossuary)
  3 goblin skeletons (Ossuary)
  A goblin zombie (Ossuary)
  5 hobgoblin zombies (Ossuary)
  A jackal skeleton (D:9)
  22 kobolds
  4 kobold skeletons (Ossuary)
  3 kobold zombies (Ossuary)
  A leopard gecko zombie (D:5)
  3 orc skeletons (Ossuary)
  7 orc zombies (Ossuary)
  A quokka skeleton (D:6)
  A quokka zombie (D:5)
  7 rats
  4 rat skeletons (Ossuary)
  3 rat zombies (Ossuary)
598 creatures vanquished.

Vanquished Creatures (collateral kills)
  A phantom (D:5)
  A hound (D:5)
  An adder (D:5)
3 creatures vanquished.

Vanquished Creatures (others)
  A slave (D:7)
  A bullfrog skeleton (D:7)
  A worker ant (D:7)
  A hobgoblin skeleton (Ossuary)
  An orc skeleton (Ossuary)
  A rat (D:2)
  2 rat skeletons (Ossuary)
  A rat zombie (Ossuary)
  A bush (D:10)
  5 fungi
  32 plants
47 creatures vanquished.

Grand Total: 648 creatures vanquished

Notes
Turn   | Place    | Note
-------+----------+-------------------------------------------
     0 | D:1      | kae the Demonspawn Monk began the quest for the Orb.
     0 | D:1      | Reached XP level 1. HP: 18/18 MP: 1/1
   215 | D:1      | Reached skill level 3 in Unarmed Combat
   237 | D:1      | Gained mutation: You are partially covered in thin metallic
                  | scales. (AC +2) [demonic ancestry]
   237 | D:1      | Reached XP level 2. HP: 24/24 MP: 2/2
   406 | D:2      | HP: 1/24 [poisoned by a kobold]
   687 | D:2      | Found a runed translucent door.
   688 | D:2      | Noticed Crazy Yiuf
   941 | D:2      | Noticed Jessica
   956 | D:2      | Killed Jessica
   956 | D:2      | Reached XP level 3. HP: 25/29 MP: 3/3
  1303 | D:2      | Reached skill level 4 in Unarmed Combat
  1303 | D:2      | Gained mutation: You are immune to rotting. [demonic
                  | ancestry]
  1303 | D:2      | Reached XP level 4. HP: 34/37 MP: 4/4
  2094 | D:2      | Found a stormy altar of Qazlal.
  2153 | D:2      | Found a shattered altar of Ashenzari.
  2692 | D:3      | Reached XP level 5. HP: 37/42 MP: 5/5
  2818 | D:3      | Found a burning altar of Makhleb.
  2970 | D:3      | Became a worshipper of Makhleb the Destroyer
  2970 | D:3      | Reached * piety under Makhleb
  2970 | D:3      | Reached ** piety under Makhleb
  3030 | D:3      | Found a shadowy altar of Dithmenos.
  3275 | D:3      | Noticed a centaur
  3299 | D:3      | Killed a centaur
  3299 | D:3      | Reached skill level 5 in Unarmed Combat
  3299 | D:3      | Reached skill level 1 in Invocations
  3299 | D:3      | Reached XP level 6. HP: 24/49 MP: 5/7
  3693 | D:4      | Found a sand-covered staircase.
  3711 | Ossuary  | Entered an ossuary
  3896 | Ossuary  | Reached *** piety under Makhleb
  4713 | D:4      | Found a radiant altar of Vehumet.
  5108 | D:4      | Noticed Menkaure
  5350 | D:4      | Found a bloodstained altar of Trog.
  5351 | D:4      | Found an iron altar of Okawaru.
  5691 | D:5      | Entered Level 5 of the Dungeon
  5981 | D:5      | Noticed an ice beast
  6016 | D:5      | Gained mutation: You may emit foul miasma when damaged in
                  | melee. [demonic ancestry]
  6016 | D:5      | Reached XP level 7. HP: 53/55 MP: 9/9
  6042 | D:5      | Reached skill level 5 in Fighting
  6042 | D:5      | Reached skill level 6 in Unarmed Combat
  7067 | D:5      | Reached **** piety under Makhleb
  7277 | D:5      | Reached skill level 7 in Unarmed Combat
  7277 | D:5      | Gained mutation: You have sharp toenails. [demonic
                  | ancestry]
  7277 | D:5      | Reached XP level 8. HP: 63/64 MP: 11/11
  7619 | D:5      | Reached skill level 5 in Invocations
  7843 | D:5      | HP: 1/64 [ogre/+0 giant spiked club (22)]
  8356 | D:6      | Found Textaem's Food Boutique.
  8459 | D:6      | Found a shimmering altar of Xom.
  8559 | D:6      | Reached skill level 8 in Unarmed Combat
  8892 | D:7      | Noticed a hippogriff
  8897 | D:7      | Killed a hippogriff
  8916 | D:7      | Noticed a troll
  8926 | D:7      | Reached XP level 9. HP: 56/71 MP: 12/14
  9246 | D:7      | Noticed Joseph
  9483 | D:7      | Killed Joseph
  9574 | D:7      | Reached skill level 9 in Unarmed Combat
  9589 | D:7      | Found an iron altar of Okawaru.
  9627 | D:7      | Noticed Maggie
  9639 | D:7      | Killed Maggie
  9791 | D:7      | Killed a troll
  9838 | D:7      | Noticed Harold
  9852 | D:7      | Killed Harold
  9852 | D:7      | Reached skill level 10 in Unarmed Combat
  9852 | D:7      | Reached XP level 10. HP: 80/80 MP: 16/16
  9856 | D:7      | Noticed a two-headed ogre
  9860 | D:7      | Noticed a gargoyle
  9864 | D:7      | Killed a two-headed ogre
  9874 | D:7      | Killed a gargoyle
  9876 | D:7      | HP: 4/82 [orc warrior/+0 halberd (15)]
  9885 | D:7      | Reached ***** piety under Makhleb
 10381 | D:7      | Noticed Pikel
 10392 | D:7      | Killed Pikel
 10392 | D:7      | Reached skill level 11 in Unarmed Combat
 10417 | D:7      | Found a staircase to the Ecumenical Temple.
 10445 | D:7      | Reached skill level 10 in Invocations
 11140 | D:8      | Found a shimmering altar of Xom.
 11424 | D:8      | Found a shimmering blue altar of Sif Muna.
 11611 | D:8      | Reached XP level 11. HP: 89/89 MP: 18/18
 11648 | D:9      | Noticed a two-headed ogre
 11665 | D:8      | Killed a two-headed ogre
 12048 | D:9      | Found a white marble altar of Elyvilon.
 12141 | D:9      | Noticed a two-headed ogre
 12145 | D:9      | Killed a two-headed ogre
 12210 | D:9      | Noticed Maurice
 12241 | D:9      | Killed Maurice
 12241 | D:9      | Reached skill level 12 in Unarmed Combat
 12561 | D:9      | Found a basalt altar of Yredelemnul.
 12698 | D:10     | Entered Level 10 of the Dungeon
 12856 | D:10     | Noticed Fannar
 13020 | D:10     | Reached skill level 10 in Fighting
 13045 | D:10     | Reached ****** piety under Makhleb
 13463 | D:10     | Noticed a two-headed ogre
 13469 | D:10     | Killed a two-headed ogre
 13653 | D:10     | Found a staircase to the Lair.
 13677 | D:10     | Killed Fannar
 13744 | D:10     | Gained mutation: You have razor-sharp toenails. [demonic
                  | ancestry]
 13744 | D:10     | Reached XP level 12. HP: 82/98 MP: 21/21
 14224 | D:11     | Reached skill level 13 in Unarmed Combat
 14404 | D:11     | Noticed a two-headed ogre
 14417 | D:11     | Killed a two-headed ogre
 14417 | D:11     | Reached skill level 1 in Armour
 15650 | D:12     | Found a staircase to the Orcish Mines.
 15762 | D:12     | Reached skill level 5 in Dodging
 16364 | Lair:1   | Entered Level 1 of the Lair of Beasts
 16938 | Lair:1   | Reached skill level 5 in Armour
 17955 | Lair:2   | Noticed Urug
 18105 | Lair:2   | Reached XP level 13. HP: 106/106 MP: 22/22
 20481 | Lair:3   | Found a staircase to the Snake Pit.
 21437 | Lair:4   | Found a staircase to the Swamp.
 22489 | Lair:5   | Reached XP level 14. HP: 111/113 MP: 23/23
 22506 | Lair:5   | Reached skill level 10 in Dodging
 23147 | Lair:5   | Reached skill level 10 in Armour
 23527 | Lair:5   | Found a staircase to the Slime Pits.
 24088 | Lair:6   | Entered Level 6 of the Lair of Beasts
 24520 | Lair:6   | Mangled by a tyrant leech

Levels and vault maps discovered:
D:1:      kennysheep_arrival_seaside, layout_rooms
D:2:      layout_loops_ring, ashenzari_conservatory_becter, grunt_qazlal_clouds,
          uniq_jessica, uniq_crazy_yiuf_cottage
D:3:      layout_loops_cross, grunt_dithmenos_smoke_and_mirrors,
          makhleb_grotto_becter, first_ration
D:4:      layout_loops_corners, lemuel_crystal_altar,
          grunt_temple_overflow_bloody_war,
          lightli_ossuary_entry_decrepit_ruins, minmay_checkerbox, uniq_menkaure
D:5:      kennysheep_six_static_rooms, layout_basic,
          hangedman_decor_peaks_small, nrook_uturn, water_boxes_lemuel
D:6:      layout_layer_cave, serial_shops,
          nicolae_shop_temple_entry_statues_fountains, xom_teletrap_fun
D:7:      minmay_the_grid_octo_2x2 [minmay_the_grid_octo_teeth,
          minmay_the_grid_octo_checkered, minmay_the_grid_octo_thin_diamonds,
          minmay_the_grid_octo_prize_star], layout_gridville,
          minmay_temple_entry_antechambers, the_bakery,
          kennysheep_okawaru_gauntlet, uniq_harold, uniq_joseph, uniq_pikel,
          uniq_maggie
D:8:      layout_rooms, tgw_sif, basic_altar, hangedman_abyss_or_decor_slice
D:9:      layout_loops_cross, kennysheep_little_box, elyvilon_altar_3,
          uniq_maurice
D:10:     layout_roguey, minmay_lair_entry_grove, uniq_fannar
D:11:     layout_basic, nrook_guardian_serpent_double
D:12:     layout_irregular_city, orc_0_dummy, minmay_parallelograms
Lair:1:   layout_small_grid, cheibrodos_lair_lostbears,
          infiniplex_staircase_pool
Lair:2:   layout_roguey, lemuel_fruit_fields, grunt_megastairs_2, uniq_urug
Lair:3:   layout_chaotic_city, minmay_snake_entry_guardpost_medium,
          serial_bayou_shore_a
Lair:4:   layout_hall_layers, swamp_mist_pool, forest_entry_grove
Lair:5:   layout_cave_pods, minmay_slime_entry_jelly_boxes, beast_lair_carwin_1,
          minmay_lair_oklob_chamber, grunt_megastairs_3, serial_bayou_shore_b
Lair:6:   minmay_lair_end_frog_pond, layout_big_grid

Skill      XL: |  1  2  3  4  5  6  7  8  9 10 11 12 13 14 |
---------------+-------------------------------------------+-----
Unarmed Combat | 3 4 5 7 8 10 11 12 13 | 13.0
Fighting       | 4 5 6 8 9 10 11 | 11.0
Invocations    | 1 3 4 6 8 10 12 | 12.1
Armour         | 6 9 10 | 10.8
Dodging        | 6 9 11 | 11.1
Stealth        | |  1.7

Action                   |  1- 3 |  4- 6 |  7- 9 | 10-12 | 13-15 || total
-------------------------+-------+-------+-------+-------+-------++-------
Melee: Unarmed           |   108 |   497 |   260 |   805 |   724 ||  2394
       Punch             |     4 |    15 |    13 |    50 |    66 ||   148
       Kick              |       |       |    41 |   293 |   304 ||   638
Invok: Lesser Servant of |       |       |     1 |       |       ||     1
       Minor Destruction |       |       |    56 |   133 |    76 ||   265
       Major Destruction |       |       |       |     6 |     7 ||    13
  Use: Scroll            |     3 |     9 |     5 |    12 |     7 ||    36
       Potion            |     1 |       |     4 |     2 |     4 ||    11
 Stab: Sleeping          |     3 |     8 |     1 |     4 |     2 ||    18
       Distracted        |       |     1 |     1 |     1 |       ||     3
  Eat: Chunk             |     1 |    11 |     3 |    26 |    14 ||    55
       Ration            |       |     1 |     3 |     1 |     2 ||     7
Armor: Robe              |    21 |   100 |    50 |       |       ||   171
       Leather armour    |       |       |    12 |   169 |   126 ||   307
       Skin              |       |       |       |       |    38 ||    38
Dodge: Dodged            |    57 |   257 |   174 |   447 |   552 ||  1487

Table legend:
 A = Non-vault XP
 B = Vault XP
 C = Vault XP percentage of total XP
 D = Non-vault monster count
 E = Vault monster count
 F = Vault count percentage of total count
                 A         B        C        D         E       F
            +---------+---------+-------+---------+---------+-------
      Total |   56410 |   26413 |  31.9 |     413 |     187 |  31.2
            +---------+---------+-------+---------+---------+-------
        D:1 |      45 |       0 |   0.0 |      27 |       0 |   0.0
        D:2 |      95 |      37 |  28.0 |      24 |       1 |   4.0
        D:3 |     163 |      50 |  23.5 |      16 |       1 |   5.9
        D:4 |     178 |      46 |  20.5 |      10 |       5 |  33.3
        D:5 |    1054 |     142 |  11.9 |      17 |       6 |  26.1
        D:6 |     517 |       0 |   0.0 |      17 |       0 |   0.0
        D:7 |    1218 |    5597 |  82.1 |      14 |      28 |  66.7
        D:8 |    2741 |       0 |   0.0 |      32 |       0 |   0.0
        D:9 |    3228 |     493 |  13.2 |      38 |       1 |   2.6
       D:10 |    4166 |    2806 |  40.2 |      26 |      14 |  35.0
       D:11 |    5022 |     463 |   8.4 |      51 |       1 |   1.9
       D:12 |    2706 |       0 |   0.0 |      16 |       0 |   0.0
     Lair:1 |    2999 |     891 |  22.9 |      15 |       3 |  16.7
     Lair:2 |    9185 |    1211 |  11.6 |      32 |       8 |  20.0
     Lair:3 |   12272 |     808 |   6.2 |      30 |       5 |  14.3
     Lair:4 |    4343 |    1082 |  19.9 |      18 |       7 |  28.0
     Lair:5 |    5462 |    4652 |  46.0 |      27 |      27 |  50.0
     Lair:6 |    1016 |    8017 |  88.8 |       3 |      32 |  91.4
    Ossuary |       0 |     118 | 100.0 |       0 |      48 | 100.0
            +---------+---------+-------+---------+---------+-------
